 Dungeon Crawl Stone Soup version 0.21.1-1-g345015f (webtiles) character file.

175 inc the Vexing (level 5, 21/21 HPs)
             Began as a Felid Enchanter on Feb 22, 2018.
             Was a Follower of Sif Muna.
             Quit the game on level 5 of the Dungeon.
             The game lasted 00:09:25 (5118 turns).

inc the Vexing (Felid Enchanter)                    Turns: 5118, Time: 00:09:25

Health: 21/21      AC:  2    Str:  4    XL:     5   Next: 29%
Magic:  9/9        EV: 18    Int: 19    God:    Sif Muna [*.....]
Gold:   133        SH:  0    Dex: 16    Spells: 2/8 levels left
                                        Lives:  0   Deaths: 1

rFire    . . .     SeeInvis +     - Unarmed
rCold    . . .     Gourm    .   (shield unavailable)
rNeg     . . .     Faith    .   (armour unavailable)
rPois    .         Spirit   .   (helmet unavailable)
rElec    .         Reflect  .   (cloak unavailable)
rCorr    .         Harm     .   (gloves unavailable)
MR       .....                  (boots unavailable)
Stlth    +++.......             (no amulet)
HPRegen  0.07/turn              (no ring)
MPRegen  0.11/turn              (no ring)

@: quick
A: very small, no armour, no weapons or thrown items, stealth, claws 1, fangs 3,
see invisible, carnivore, speed 1, shaggy fur 2, slow metabolism 1, sharp paws
a: Divine Energy, Renounce Religion


You were on level 5 of the Dungeon.
You worshipped Sif Muna.
Sif Muna was aware of your devotion.
You were not hungry.

You visited 1 branch of the dungeon, and saw 5 of its levels.

You collected 133 gold pieces.

Inventory:

Wands
 l - a wand of polymorph (3)
 o - a wand of paralysis (18)
Scrolls
 c - 15 scrolls of identify {unknown}
 d - 2 scrolls of amnesia {unknown}
 e - a scroll of enchant weapon {unknown}
 k - 2 scrolls of fear {unknown}
 m - 2 scrolls of remove curse {unknown}
 n - a scroll of enchant armour {unknown}
 p - 2 scrolls of teleportation {unknown}
 q - a scroll of immolation {unknown}
Potions
 f - a potion of berserk rage {unknown}
 g - 2 potions of lignification {unknown}
 h - a potion of invisibility {unknown}
 i - a potion of brilliance {unknown}
 j - 2 potions of mutation {unknown}
Books
 a - a book of Maledictions

   Spells                             Type                      Level
   a - Corona                         Hexes                        1
   b - Ensorcelled Hibernation        Hexes/Ice                    2
   c - Confuse                        Hexes                        3
   d - Tukima's Dance                 Hexes                        3
   e - Dazzling Spray                 Conjuration/Hexes            3
 r - a book of Cantrips

   Spells                             Type                      Level
   a - Confusing Touch                Hexes                        1
   b - Animate Skeleton               Necromancy                   1
   c - Summon Small Mammal            Summoning                    1
   d - Apportation                    Translocation                1
Comestibles
 b - 7 rations


   Skills:
 - Level 2.6 Dodging
 - Level 4.0 Stealth
 - Level 4.4 Unarmed Combat
 - Level 2.0 Spellcasting
 + Level 6.4 Hexes
 + Level 2.7 Ice Magic


You had 2 spell levels left.
You knew the following spells:

 Your Spells              Type           Power        Failure   Level  Hunger
a - Corona                Hex            ####...      1%          1    #......
b - Ensorcelled Hibernat  Hex/Ice        ###...       3%          2    ###....
c - Confuse               Hex            ####....     3%          3    ###....


Dungeon Overview and Level Annotations

Branches:
Dungeon (5/15)             Temple (0/1) D:5

Altars:
Fedhas
Gozag
Hepliaklqana
Makhleb
Sif Muna


Innate Abilities, Weirdness & Mutations

You cannot wear armour.
You are incapable of wielding weapons or throwing items.
Your paws allow you to move quietly. (Stealth)
You have sharp claws.
You have razor-sharp teeth.
You have supernaturally acute eyesight. (SInv)
You are carnivorous and can eat meat at any time.
You cover ground quickly.
You are covered in thick fur. (AC +2)
You have a slow metabolism.
Your sharp claws are effective at attacking unaware monsters.


Message History

You rejoin the land of the living...
A leopard gecko skeleton comes into view.
You scratch the leopard gecko skeleton.
The leopard gecko skeleton is moderately damaged.
The leopard gecko skeleton misses you.
Casting: Ensorcelled Hibernation
Confirm with . or Enter, or press ? or * to list all spells.
You can't see any susceptible monsters within range! (Use Z to cast anyway.) Unknown command.
You scratch the leopard gecko skeleton.
The leopard gecko skeleton is severely damaged.
The leopard gecko skeleton bites you.
You scratch the leopard gecko skeleton.
You destroy the leopard gecko skeleton!
Sif Muna accepts your kill.
You open the door.
There is an open door here.
You start resting.
HP restored.
Are you sure you want to abandon this character and quit the game? (Confirm with "yes".)

#.#........#.##.........#
#.........>..........##.#
######.......#..#.##.........#
#....#.......#..#.##.8.8.8.#####
#.##.#.......#..#.##..⌠.⌠.......
#............#..#....8.>.8......
#..#.#.#.....##.####..⌠.⌠.......
#....................8.8.8......
#..#.#.#....###@###.............
##........###.......####.##.....
#.#.#.#..# #.......# #..#.....
#........# #.......# ## ##...#
###......# #.......+ ......
######## #.......# ..#....
#.......# #.#.... #.......#
#.......#


There were no monsters in sight!

Vanquished Creatures
  Menkaure (D:4)
  Ijyb (D:2)
  2 worker ants
  A worker ant zombie (D:5)
  An adder (D:3)
  3 gnolls (D:3)
  3 oozes
  4 worms (D:2)
  A dart slug (D:1)
  A leopard gecko (D:2)
  2 orcs
  5 giant cockroaches
  10 goblins
  8 hobgoblins
  6 jackals
  A ball python (D:2)
  7 bats
  3 frilled lizards
  5 kobolds
  A leopard gecko skeleton (D:5)
  7 rats
73 creatures vanquished.

Notes
Turn   | Place    | Note
-------+----------+-------------------------------------------
     0 | D:1      | inc the Felid Enchanter began the quest for the Orb.
     0 | D:1      | Reached XP level 1. HP: 7/7 MP: 4/4
   106 | D:1      | Reached XP level 2. HP: 8/11 MP: 6/6
   177 | D:1      | Learned a level 2 spell: Ensorcelled Hibernation
  1048 | D:2      | Reached XP level 3. HP: 13/14 MP: 4/7
  1760 | D:2      | Noticed Ijyb
  2808 | D:2      | Reached XP level 4. HP: 18/18 MP: 3/8
  3067 | D:2      | Killed Ijyb
  3432 | D:2      | Found a deep blue altar of Sif Muna.
  3435 | D:2      | Became a worshipper of Sif Muna the Loreminder
  3747 | D:3      | Learned a level 3 spell: Confuse
  3812 | D:3      | Reached skill level 1 in Ice Magic
  3812 | D:3      | Reached XP level 5. HP: 10/21 MP: 2/9
  3897 | D:3      | Found a faded altar of an unknown god.
  3897 | D:3      | Found a hazy altar of Hepliaklqana.
  3903 | D:3      | Found a faded altar of an unknown god.
  3919 | D:3      | Found an opulent altar of Gozag.
  3921 | D:3      | Found a blossoming altar of Fedhas.
  4014 | D:3      | Reached skill level 5 in Hexes
  4159 | D:3      | Found a burning altar of Makhleb.
  4660 | D:4      | Noticed Menkaure
  4679 | D:4      | Killed Menkaure
  4679 | D:4      | Reached skill level 6 in Hexes
  4679 | D:4      | Gained mutation: You are covered in thick fur. (AC +2) [Felid growth]
  4679 | D:4      | Reached XP level 6. HP: 17/24 MP: 7/10
  4691 | D:5      | Entered Level 5 of the Dungeon
  4934 | D:5      | Found a staircase to the Ecumenical Temple.
  5082 | D:5      | Reached * piety under Sif Muna
  5083 | D:5      | Killed from afar by an orc wizard
  5084 | D:5      | Reached XP level 5. HP: -1/21 MP: 6/9
  5118 | D:5      | Quit the game

Skill      XL: |  1  2  3  4  5 |
---------------+----------------+-----
Unarmed Combat | 2 3 4 |  4.4
Ice Magic      | 1 2 |  2.7
Hexes          | 6 |  6.4
Dodging        | |  2.6
Stealth        | |  4.0
Spellcasting   | |  2.0

Action                   |  1- 3 |  4- 6 || total
-------------------------+-------+-------++-------
Melee: Unarmed           |   116 |    83 ||   199
       Bite              |     6 |     2 ||     8
       Punch             |       |     2 ||     2
 Cast: Ensorcelled Hiber |    28 |    20 ||    48
       Corona            |     1 |       ||     1
       Confuse           |       |     1 ||     1
 Stab: Sleeping          |    28 |    15 ||    43
  Eat: Chunk             |    11 |     1 ||    12
Armor: Skin              |     6 |     2 ||     8
Dodge: Dodged            |    91 |    55 ||   146
